[Event "Titled Tuesday Blitz July 13 2021"]
[White "Nasyrova, Ekaterina"]
[Black "Taichman, Ori"]
[WhiteFideId "44157797"]
[BlackFideId "2804069"]
[WhiteElo "2115"]
[BlackElo "2227"]
[Result "1-0"]
[Round "04"]
[TimeControl "180+1"]
[Date "2021.07.13"]
[WhiteClock "0:00:26"]
[BlackClock "0:00:33"]

1. d4 Nf6 2. c4 g6 3. g3 Bg7 4. Bg2 O-O 5. Nc3 d6 6. Nf3 Nc6 7. O-O Rb8 8. Bf4 Ng4 9. h3 e5 10. Bg5 f6 11. hxg4 fxg5 12. dxe5 Nxe5 13. Nxe5 Bxe5 14. Qd5+ Kg7 15. Bf3 b6 16. Qd3 Bxc3 17. Qxc3+ Qf6 18. Rac1 Qxc3 19. Rxc3 Be6 20. Rd1 a5 21. b3 Rh8 22. Re3 Rbe8 23. Bc6 Re7 24. Rd4 Kf6 25. Rde4 Rf8 26. f4 gxf4 27. gxf4 Rff7 28. g5+ Kf5 29. Bd5 Bxd5 30. Rxe7 Rxe7 31. Rxe7 Be4 32. e3 Bb1 33. Kf2 Kg4 34. a3 Ba2 35. b4 Bxc4 36. Rxc7 d5 37. Rxh7 axb4 38. axb4 b5 39. Rf7 d4 40. Rf6 dxe3+ 41. Kxe3 Kh5 42. Kd4 Be2 43. Ke5 Bd3 44. Rd6 Bc2 45. Rd5 Ba4 46. Kf6 Kg4 47. Kxg6 Kxf4 48. Kf6 Ke4 49. Rc5 Kd4 50. g6 Bb3 51. g7 1-0


[Site "https://www.chess.com"]

[Event "Titled Tuesday Blitz July 13 2021"]
[White "Nguyen, Quoc Hy"]
[Black "Tomb, Maroun"]
[WhiteFideId "12410853"]
[BlackFideId "5300398"]
[WhiteElo "1975"]
[BlackElo "2519"]
[Result "1/2-1/2"]
[Round "04"]
[TimeControl "180+1"]
[Date "2021.07.13"]
[WhiteClock "0:00:08"]
[BlackClock "0:00:09"]

1. d4 d6 2. c4 Nf6 3. Nc3 Nbd7 4. e4 e5 5. Nf3 Be7 6. Be2 c6 7. O-O a5 8. h3 O-O 9. Be3 a4 10. Qc2 Qa5 11. Rfd1 exd4 12. Nxd4 Nc5 13. f4 Re8 14. Bf3 Bf8 15. Rab1 Qb4 16. a3 Qa5 17. Bf2 h5 18. Bh4 Be7 19. Re1 Ne6 20. Nf5 Nxf4 21. Nxe7+ Rxe7 22. Bxf6 gxf6 23. Qf2 Qg5 24. Kh2 h4 25. Rbd1 Be6 26. Rxd6 Bxc4 27. e5 Rxe5 28. Ne4 Rxe4 29. Rxe4 Be6 30. Qe3 Nd5 31. Qxg5+ fxg5 32. Re5 Kf8 33. Bxd5 cxd5 34. Rb6 Rc8 35. Rxb7 d4 36. Rb4 Rd8 37. Re2 Bb3 38. Rd2 d3 39. Rb5 f6 40. Kg1 Kf7 41. Kf2 Kg6 42. Rb4 Bc2 43. Ke3 Re8+ 44. Kd4 Rd8+ 45. Kc3 Rc8+ 46. Rc4 Rb8 47. Rb4 Rc8+ 48. Kd4 Rd8+ 49. Ke3 Re8+ 50. Kf2 f5 51. Rb6+ Kh5 52. Rb5 Kg6 53. Rc5 g4 54. Rc4 g3+ 55. Kf3 Kg5 56. Rc7 Re4 57. Rg7+ Kf6 58. Rg8 Re1 59. Rf8+ Kg5 60. Rg8+ Kf6 61. Rf8+ Kg5 62. Rg8+ Kf6 1/2-1/2


[Site "https://www.chess.com"]

[Event "Titled Tuesday Blitz July 13 2021"]
[White "Odegov, Artem"]
[Black "Svane, Frederik"]
[WhiteFideId "34183644"]
[BlackFideId "12923044"]
[WhiteElo "2288"]
[BlackElo "2459"]
[Result "0-1"]
[Round "04"]
[TimeControl "180+1"]
[Date "2021.07.13"]
[WhiteClock "0:00:01"]
[BlackClock "0:00:17"]

1. d4 Nf6 2. c4 e6 3. Nf3 b6 4. g3 Bb4+ 5. Bd2 Be7 6. Bg2 Bb7 7. O-O O-O 8. Bg5 h6 9. Bxf6 Bxf6 10. Nc3 d5 11. cxd5 exd5 12. Rc1 Re8 13. e3 Na6 14. Qa4 c6 15. Rfd1 Re7 16. b4 b5 17. Qb3 Nc7 18. Nd2 Ne8 19. a4 a6 20. Qb2 Nd6 21. Nb3 Bc8 22. Nc5 Bf5 23. Re1 g6 24. a5 Bg7 25. Rcd1 Qe8 26. Qa2 h5 27. h4 Bg4 28. Rd3 Bf5 29. Rdd1 Raa7 30. Ne2 Qa8 31. Nf4 Re8 32. Kh2 Rae7 33. Rc1 Qa7 34. Rcd1 Bc8 35. Bf3 Qc7 36. Ncd3 Nc4 37. Nc5 Nd6 38. Qe2 Nf5 39. Bxd5 Nxd4 40. Rxd4 Bxd4 41. Ba2 Kg7 42. Nxh5+ gxh5 43. Qxh5 Bf6 44. Nd3 Rh8 45. Qe2 Rxh4+ 46. Kg1 Rh6 47. Nf4 Qe5 48. Rc1 Re8 49. Rxc6 Reh8 50. Qf3 Qa1+ 51. Kg2 Qh1# 0-1


[Site "https://www.chess.com"]

[Event "Titled Tuesday Blitz July 13 2021"]
[White "Onyshchuk, Volodymyr"]
[Black "Wagner, Dinara"]
[WhiteFideId "14114038"]
[BlackFideId "24157570"]
[WhiteElo "2603"]
[BlackElo "2260"]
[Result "1-0"]
[Round "04"]
[TimeControl "180+1"]
[Date "2021.07.13"]
[WhiteClock "0:01:47"]
[BlackClock "0:00:29"]

1. Nf3 d5 2. g3 Bg4 3. Bg2 c6 4. O-O e6 5. d3 Nf6 6. Nbd2 Nbd7 7. e4 Bd6 8. h3 Bxf3 9. Qxf3 O-O 10. Qe2 e5 11. exd5 Nxd5 12. Nc4 Bc7 13. Bd2 Re8 14. a4 Nc5 15. b4 Ne6 16. c3 Qf6 17. Rfe1 Nf8 18. b5 Rad8 19. Rab1 c5 20. a5 b6 21. axb6 axb6 22. Ra1 Bb8 23. Be4 g6 24. Ra6 Re6 25. h4 Nc7 26. Bg5 1-0


[Site "https://www.chess.com"]

[Event "Titled Tuesday Blitz July 13 2021"]
[White "Ozen, Bahadir"]
[Black "Grigoriants, Sergey"]
[WhiteFideId "6337058"]
[BlackFideId "4130804"]
[WhiteElo "2503"]
[BlackElo "2502"]
[Result "1-0"]
[Round "04"]
[TimeControl "180+1"]
[Date "2021.07.13"]
[WhiteClock "0:00:08"]
[BlackClock "0:00:06"]

1. d4 Nf6 2. Nf3 d5 3. e3 g6 4. Be2 Bg7 5. O-O O-O 6. b4 b6 7. Bb2 Bb7 8. Nbd2 Nbd7 9. c4 dxc4 10. Nxc4 Nd5 11. Qb3 a6 12. Rfd1 Rb8 13. Rac1 e6 14. a3 h6 15. h3 Qe7 16. Qa2 Rfd8 17. Qa1 Kh7 18. Rc2 f5 19. Nce5 Nxe5 20. Nxe5 Bxe5 21. dxe5 c5 22. bxc5 bxc5 23. Rdc1 Rbc8 24. Bf3 Rc7 25. Kh1 Rdc8 26. Qa2 h5 27. Qb3 Kh6 28. e4 fxe4 29. Bxe4 Qg5 30. Re1 c4 31. Qf3 Kg7 32. Bc1 Qh4 33. Kg1 Rf7 34. Bh6+ Kg8 35. Qg3 Qxg3 36. fxg3 Kh7 37. Bg5 Nb6 38. Bxb7 Rxb7 39. Rb1 Rcb8 40. Rc3 Kg8 41. Rf1 Rc8 42. Rb1 Rcc7 43. Bd8 Nd5 44. Rxb7 Rxb7 45. Rxc4 Rb3 46. Bh4 Rxa3 47. Rc6 Kf7 48. Rd6 g5 49. Bxg5 Rxg3 50. Rd7+ Ke8 51. Rd8+ Kf7 52. Rd7+ Kg6 53. Bh4 1-0


[Site "https://www.chess.com"]

[Event "Titled Tuesday Blitz July 13 2021"]
[White "Pajeken, Jakob Leon"]
[Black "Mezentsev, Ivan"]
[WhiteFideId "12942839"]
[BlackFideId "13706195"]
[WhiteElo "2231"]
[BlackElo "2295"]
[Result "1-0"]
[Round "04"]
[TimeControl "180+1"]
[Date "2021.07.13"]
[WhiteClock "0:02:00"]
[BlackClock "0:00:10"]

1. d4 Nf6 2. Nf3 g6 3. g3 Bg7 4. Bg2 O-O 5. O-O d6 6. c4 Nbd7 7. Nc3 e5 8. e4 exd4 9. Nxd4 Re8 10. h3 Nc5 11. Re1 Bd7 12. b3 Qc8 13. Kh2 Re5 14. f3 Rh5 15. h4 h6 16. Kg1 g5 17. hxg5 hxg5 18. Bb2 a5 19. Nf5 Bxf5 20. exf5 g4 21. fxg4 Rg5 22. Rb1 Nxg4 23. Nd5 Kf8 24. Bxg7+ Rxg7 25. Qf3 Ne5 26. Qh5 c6 27. Qh8+ Rg8 28. Qh6+ Ke8 29. Qxd6 Nd3 30. Qe7# 1-0


[Site "https://www.chess.com"]

[Event "Titled Tuesday Blitz July 13 2021"]
[White "Papasimakopoulos, Alexandros"]
[Black "Vyatkin, Dmitry"]
[WhiteFideId "4244125"]
[BlackFideId "4171900"]
[WhiteElo "2352"]
[BlackElo "2279"]
[Result "1/2-1/2"]
[Round "04"]
[TimeControl "180+1"]
[Date "2021.07.13"]
[WhiteClock "0:00:14"]
[BlackClock "0:00:19"]

1. d4 Nf6 2. c4 g6 3. Nc3 Bg7 4. e4 d6 5. f3 O-O 6. Nge2 c5 7. d5 e6 8. Ng3 exd5 9. cxd5 h5 10. Bg5 a6 11. a4 Qa5 12. Be2 Re8 13. Nf1 Nh7 14. Bf4 Bxc3+ 15. bxc3 Qxc3+ 16. Bd2 Qf6 17. Ne3 Nd7 18. O-O Ne5 19. Qc2 Qe7 20. Bc3 Nf6 21. Rfb1 h4 22. Re1 Nh5 23. Bf1 Qg5 24. Bxe5 Rxe5 25. Nc4 Qf6 26. Nxe5 Qxe5 27. Rab1 Nf4 28. Qb2 Qg5 29. Kh1 f6 30. Qb6 Qe5 31. Qd8+ Kg7 32. Rb6 Qc3 33. Qe7+ Kh6 34. Qf8+ Kg5 35. Reb1 h3 36. R6b2 hxg2+ 37. Bxg2 Bh3 38. Qxd6 Bxg2+ 39. Rxg2+ Nxg2 40. Qg3+ Kh6 41. Qxg2 b5 42. Qh3+ Kg7 43. Rg1 Ra7 44. Qg3 g5 45. h4 Kg6 46. Qg4 Rh7 47. Qf5+ Kg7 48. Rg4 Rxh4+ 49. Rxh4 Qe1+ 50. Kg2 gxh4 51. Qg4+ Kf7 52. Kh3 bxa4 53. Qd7+ Kg6 54. Qf5+ Kg7 55. Qd7+ Kf8 56. Qd8+ Kf7 57. Qd7+ Kg6 58. Qg4+ Kh6 59. Qf4+ Kg7 60. Qg4+ Kh6 61. Qf4+ Kh7 62. Qf5+ Kg7 63. Qd7+ Kg6 1/2-1/2


[Site "https://www.chess.com"]

[Event "Titled Tuesday Blitz July 13 2021"]
[White "Pastar, Slaven"]
[Black "Wong, Yinn Long"]
[WhiteFideId "14402718"]
[BlackFideId "5707684"]
[WhiteElo "2150"]
[BlackElo "2016"]
[Result "1-0"]
[Round "04"]
[TimeControl "180+1"]
[Date "2021.07.13"]
[WhiteClock "0:00:11"]
[BlackClock "0:00:08"]

1. b3 d5 2. Bb2 c5 3. e3 Nf6 4. Nf3 Bg4 5. h3 Bh5 6. g4 Bg6 7. Ne5 Nbd7 8. Nxg6 hxg6 9. Bg2 e6 10. c4 Be7 11. cxd5 exd5 12. O-O O-O 13. d4 Rc8 14. Nd2 Qb6 15. dxc5 Nxc5 16. Nf3 Nce4 17. Qe2 Rfd8 18. Rac1 Bd6 19. Rfd1 a5 20. Rxc8 Rxc8 21. g5 Nh7 22. Rxd5 Bb4 23. Qd3 Qe6 24. Rd8+ Rxd8 25. Qxd8+ Bf8 26. h4 Qg4 27. Qd4 Qf5 28. Qe5 Qg4 29. Qf4 Qxf4 30. exf4 Nc5 31. Ne5 Bd6 32. Bd4 b5 33. Bc6 b4 34. Bd5 Bxe5 35. Bxc5 Bxf4 36. Bb6 Bd2 37. Bxa5 Nf8 38. a3 Nd7 39. Bxb4 Bc1 40. a4 Nb6 41. Be4 f5 42. gxf6 gxf6 43. Bxg6 Kg7 44. Be4 Kh6 45. a5 Nc8 46. a6 Kh5 47. Bc5 Kxh4 48. Bf5 1-0


[Site "https://www.chess.com"]

[Event "Titled Tuesday Blitz July 13 2021"]
[White "Pelopidass"]
[Black "Moskalenko, Alexander"]
[BlackFideId "4155351"]
[WhiteElo "2547"]
[BlackElo "2495"]
[Result "1/2-1/2"]
[Round "04"]
[TimeControl "180+1"]
[Date "2021.07.13"]
[WhiteClock "0:00:51"]
[BlackClock "0:01:24"]

1. d4 d5 2. c4 c6 3. Nf3 Nf6 4. e3 Bf5 5. Bd3 Bxd3 6. Qxd3 e6 7. O-O Nbd7 8. Nbd2 Be7 9. b3 a5 10. Bb2 O-O 11. e4 dxe4 12. Nxe4 a4 13. Rfd1 Nxe4 14. Qxe4 axb3 15. axb3 Qb6 16. Qe3 Rfd8 17. h4 Bf6 18. g4 g6 19. g5 Bg7 20. Rxa8 Rxa8 21. Ra1 Rxa1+ 22. Bxa1 Qb4 23. Kg2 Qa3 24. Qc3 Nc5 25. b4 Qxc3 26. Bxc3 Ne4 27. Be1 Nd6 28. c5 Nb5 29. Ne5 Nxd4 30. Nc4 1/2-1/2


[Site "https://www.chess.com"]

[Event "Titled Tuesday Blitz July 13 2021"]
[White "Peralta, Eduardo"]
[Black "Warchol, Kamil"]
[WhiteFideId "3700062"]
[BlackFideId "21858241"]
[WhiteElo "2205"]
[BlackElo "1694"]
[Result "1-0"]
[Round "04"]
[TimeControl "180+1"]
[Date "2021.07.13"]
[WhiteClock "0:00:02"]
[BlackClock "0:00:01"]

1. d4 d5 2. Nf3 Nf6 3. c4 dxc4 4. Nc3 c5 5. d5 e6 6. e4 exd5 7. exd5 Bd6 8. Bxc4 a6 9. O-O O-O 10. Bg5 h6 11. Bxf6 Qxf6 12. Ne4 Qd8 13. a4 Qc7 14. Re1 Bf5 15. Ra3 Nd7 16. Rae3 Bxe4 17. Rxe4 Nf6 18. R4e3 Rae8 19. g3 Rxe3 20. Rxe3 Qd7 21. Qb3 Re8 22. Rxe8+ Nxe8 23. Bd3 Nf6 24. Kg2 Bb8 25. Bxa6 Qxd5 26. Qxb7 Qxb7 27. Bxb7 Nd7 28. Nd2 Ne5 29. Ba6 Bc7 30. f4 Nc6 31. Kf2 Kf8 32. Ke3 Ke7 33. Ne4 Bb6 34. Kd3 f5 35. Nc3 Nb4+ 36. Kc4 Kd6 37. Bc8 g6 38. Bb7 Nc2 39. Kb5 Bd8 40. Bg2 Ne3 41. Bf3 Nc2 42. Bh1 Nd4+ 43. Kc4 Nc2 44. Nb5+ Kd7 45. Kxc5 Ne3 46. Bc6+ Kc8 47. Nd6+ Kb8 48. Nb5 Nf1 49. Be8 Nxh2 50. Bxg6 Nf1 51. Bxf5 Nxg3 52. Be6 h5 53. f5 h4 54. Nc3 h3 55. f6 h2 56. Bd5 1-0


[Site "https://www.chess.com"]

[Event "Titled Tuesday Blitz July 13 2021"]
[White "Petukhov, Dmitry"]
[Black "De Silva, L M S T"]
[WhiteFideId "4142748"]
[BlackFideId "9953698"]
[WhiteElo "2356"]
[BlackElo "1621"]
[Result "0-1"]
[Round "04"]
[TimeControl "180+1"]
[Date "2021.07.13"]
[WhiteClock "0:00:28"]
[BlackClock "0:00:35"]

1. e4 e5 2. Nf3 Nc6 3. Bb5 a6 4. Ba4 Nf6 5. O-O Be7 6. Re1 b5 7. Bb3 d6 8. c3 O-O 9. h3 Na5 10. Bc2 c5 11. d4 Nd7 12. d5 Nb6 13. Nbd2 Bd7 14. Nf1 Nb7 15. Ng3 c4 16. Nh2 Nc5 17. Qf3 a5 18. Nf5 Bxf5 19. exf5 Bf6 20. Ng4 Re8 21. g3 b4 22. h4 bxc3 23. Nxf6+ Qxf6 24. Bg5 e4 25. Bxe4 Qd4 26. bxc3 Qe5 27. Bf4 Qf6 28. Bc2 h6 29. Rab1 Nba4 30. Bd2 Rab8 31. Rbc1 Nb2 32. Qg4 Nbd3 33. Rxe8+ Rxe8 34. Bxd3 Nxd3 35. Rb1 Kh8 36. Kg2 Qe5 37. Qf3 Qe2 38. Be3 Qxa2 39. Rb7 Ne1+ 0-1


[Site "https://www.chess.com"]

[Event "Titled Tuesday Blitz July 13 2021"]
[White "Priasmoro, Novendra"]
[Black "Pert, Richard G"]
[WhiteFideId "7105029"]
[BlackFideId "404748"]
[WhiteElo "2309"]
[BlackElo "2441"]
[Result "1-0"]
[Round "04"]
[TimeControl "180+1"]
[Date "2021.07.13"]
[WhiteClock "0:01:23"]
[BlackClock "0:00:47"]

1. e4 c5 2. Nf3 d6 3. d4 cxd4 4. Nxd4 Nf6 5. Nc3 g6 6. Be3 Bg7 7. f3 Nc6 8. Qd2 O-O 9. Bc4 Bd7 10. Bb3 Rc8 11. h4 h5 12. O-O-O Ne5 13. Bg5 Re8 14. g4 hxg4 15. f4 Nc4 16. Bxc4 Rxc4 17. e5 Nh5 18. Qd3 Rxd4 19. Qxd4 f6 20. Qd5+ Kh7 21. f5 Bxf5 22. exf6 exf6 23. Bd2 Re5 24. Qxb7 d5 25. Rhe1 d4 26. Rxe5 fxe5 27. Ne4 Qxh4 28. Ng5+ 1-0


[Site "https://www.chess.com"]

[Event "Titled Tuesday Blitz July 13 2021"]
[White "Pruijssers, Roeland"]
[Black "Gracia Alvarez, Gerardo Antonio"]
[WhiteFideId "1013068"]
[BlackFideId "5109124"]
[WhiteElo "2545"]
[BlackElo "2148"]
[Result "1-0"]
[Round "04"]
[TimeControl "180+1"]
[Date "2021.07.13"]
[WhiteClock "0:00:16"]
[BlackClock "0:00:02"]

1. e4 c5 2. Nf3 Nc6 3. Bb5 g6 4. Bxc6 dxc6 5. O-O Bg7 6. d3 Nf6 7. Nc3 Nd7 8. Be3 e5 9. Qd2 h6 10. h3 b6 11. Nh2 Nf8 12. f4 exf4 13. Bxf4 Ne6 14. Bg3 Qg5 15. Qe1 Nd4 16. Rc1 O-O 17. Bf4 Qe7 18. Qd2 Kh7 19. Rce1 Be6 20. e5 g5 21. Bg3 f5 22. exf6 Rxf6 23. Rxf6 Qxf6 24. Be5 Qg6 25. Bxg7 Kxg7 26. Ne4 Rf8 27. c3 Nf5 28. Nf3 Bd5 29. c4 Bxe4 30. dxe4 Ne7 31. Qd7 Qf6 32. e5 Qf7 33. e6 Qe8 34. Qxa7 Kg8 35. Qxb6 Qg6 36. Qc7 Re8 37. Qd7 g4 38. hxg4 1-0


[Site "https://www.chess.com"]

[Event "Titled Tuesday Blitz July 13 2021"]
[White "Prydun, Andriy"]
[Black "Gusarov, Grigory"]
[WhiteFideId "14145898"]
[BlackFideId "24102172"]
[WhiteElo "2024"]
[BlackElo "2269"]
[Result "0-1"]
[Round "04"]
[TimeControl "180+1"]
[Date "2021.07.13"]
[WhiteClock "0:00:01"]
[BlackClock "0:00:50"]

1. d4 Nf6 2. Nc3 d5 3. Bf4 c6 4. e3 Qb6 5. a3 Bf5 6. f3 h6 7. g4 Bh7 8. h4 Qxb2 9. Kd2 Bxc2 10. Qxc2 Qxa1 11. Qb3 Qxf1 12. Qxb7 e5 13. Qxa8 exf4 14. Qxb8+ Ke7 15. Nce2 fxe3+ 16. Kxe3 Nd7 17. Qf4 g6 18. Rh2 Bg7 19. Kd2 Rb8 20. Nc1 Rb2+ 0-1


[Site "https://www.chess.com"]

[Event "Titled Tuesday Blitz July 13 2021"]
[White "Przybylski, Wojciech"]
[Black "Nguyen, Ngoc Truong Son"]
[WhiteFideId "1117599"]
[BlackFideId "12401110"]
[WhiteElo "2317"]
[BlackElo "2596"]
[Result "1/2-1/2"]
[Round "04"]
[TimeControl "180+1"]
[Date "2021.07.13"]
[WhiteClock "0:00:06"]
[BlackClock "0:00:07"]

1. e4 c5 2. Nf3 Nc6 3. Bb5 g6 4. O-O Bg7 5. c3 Nf6 6. Re1 O-O 7. a4 d5 8. e5 Ne8 9. d4 cxd4 10. cxd4 Bg4 11. Be3 Rc8 12. Nc3 a6 13. Be2 Nc7 14. h3 Bxf3 15. Bxf3 e6 16. a5 Rb8 17. Qd2 Na8 18. Nd1 b6 19. axb6 Nxb6 20. Rxa6 Nc4 21. Qc3 Rc8 22. Be2 Nb8 23. Ra1 Nxe5 24. Qa5 Qxa5 25. Rxa5 Nc4 26. Ra4 Nc6 27. Bxc4 dxc4 28. Rxc4 Ne7 29. b3 Rb8 30. b4 Nd5 31. Bd2 Nb6 32. Rc5 Bxd4 33. Rb5 Nc4 34. Rxb8 Rxb8 35. Bc3 Bxc3 36. Nxc3 Rxb4 37. Ne4 Kg7 38. g3 Ne5 39. Kg2 Nd3 40. Re3 Rd4 41. Ng5 h6 42. Nf3 Rd5 43. h4 e5 44. Re2 f5 45. Ne1 Nc5 46. Rc2 e4 47. Rc3 Ne6 48. Nc2 Rc5 49. Rxc5 Nxc5 50. Ne3 Kf6 51. f3 Ke5 52. Nc4+ Kd5 53. Ne3+ Kd4 54. Nf1 e3 55. f4 e2 56. Nh2 e1=Q 57. Nf3+ Ke3 58. Nxe1 Ne4 59. Nf3 g5 60. hxg5 hxg5 61. fxg5 f4 62. gxf4 Kxf4 63. g6 Nf6 64. g7 Kf5 65. Nd2 Kg6 66. Ne4 Kxg7 1/2-1/2


[Site "https://www.chess.com"]

[Event "Titled Tuesday Blitz July 13 2021"]
[White "Quparadze, Giga"]
[Black "Mirzoev, Azer"]
[WhiteFideId "13602250"]
[BlackFideId "13400304"]
[WhiteElo "2658"]
[BlackElo "2525"]
[Result "1-0"]
[Round "04"]
[TimeControl "180+1"]
[Date "2021.07.13"]
[WhiteClock "0:00:49"]
[BlackClock "0:00:02"]

1. e4 e5 2. Nf3 Nc6 3. Bb5 a6 4. Ba4 Nge7 5. c3 d6 6. d4 Bd7 7. O-O g6 8. Be3 Bg7 9. Nbd2 O-O 10. dxe5 Nxe5 11. Nxe5 dxe5 12. Bb3 Nc6 13. Bc5 Re8 14. Nf3 Be6 15. Qe2 Bxb3 16. axb3 Bf8 17. Rfd1 Qc8 18. Bxf8 Kxf8 19. Qc4 Qe6 20. Qxe6 fxe6 21. Kf1 Ke7 22. Ke2 Rad8 23. Rxd8 Rxd8 24. b4 h6 25. h4 Rf8 26. Ke3 Rd8 27. Ne1 Kf6 28. Nd3 Rd6 29. g3 Ke7 30. g4 Kf6 31. Rg1 Ke7 32. g5 h5 33. Ra1 Kf8 34. Rg1 Kg7 35. Rg3 b6 36. Rf3 Rd7 37. Rf6 Re7 38. b3 Kh7 39. f3 Kg7 40. f4 exf4+ 41. Nxf4 Ne5 42. Rxe6 Kf7 43. Rf6+ Kg7 44. Ke2 Kh7 45. Nd5 Rg7 46. Re6 Ng4 47. Rc6 Kg8 48. Rxc7 Rxc7 49. Nxc7 Kf7 50. Nxa6 Ke6 51. c4 Ke5 52. c5 bxc5 53. Nxc5 Kd4 54. Kf3 Ne5+ 55. Kf4 Nc6 56. Ne6+ Kc3 57. b5 1-0


[Site "https://www.chess.com"]

[Event "Titled Tuesday Blitz July 13 2021"]
[White "Reprintsev, Alexander"]
[Black "Rustemov, Alexander"]
[WhiteFideId "14100541"]
[BlackFideId "4119002"]
[WhiteElo "2126"]
[BlackElo "2767"]
[Result "0-1"]
[Round "04"]
[TimeControl "180+1"]
[Date "2021.07.13"]
[WhiteClock "0:00:51"]
[BlackClock "0:00:25"]

1. e4 e6 2. Qe2 c5 3. b3 Nc6 4. Bb2 d6 5. f4 Nf6 6. Nc3 Be7 7. O-O-O O-O 8. g4 Nd4 9. Qg2 Bd7 10. g5 Nh5 11. Qg4 g6 12. Nce2 e5 13. f5 Bxg5 14. Nxd4 exd4 15. Nf3 Bf6 16. Bc4 Kh8 17. Rhg1 Qe7 18. c3 dxc3 19. Bxc3 Bxc3 20. dxc3 Rae8 21. Bd5 Nf6 22. Qf4 Nxd5 23. Rxd5 Bc6 24. Rxd6 Qxe4 25. Qxe4 Bxe4 26. fxg6 hxg6 27. Ng5 Bf5 28. h4 Re2 29. Rd2 Rxd2 30. Kxd2 Kg7 31. Re1 Rd8+ 32. Kc1 Kf6 33. a4 Rd3 34. Kb2 Rd2+ 35. Ka3 Rc2 36. Re3 a5 37. Nh7+ Kg7 38. Ng5 f6 39. Nf3 Kf7 40. b4 Rxc3+ 41. Rxc3 axb4+ 42. Kb3 bxc3 43. Kxc3 Be6 44. Nd2 Bd5 45. a5 g5 46. h5 f5 47. Nf1 f4 48. Nh2 Be6 49. Nf3 Kf6 50. h6 g4 51. h7 Kg7 52. Ng5 Bd5 53. Kd2 g3 54. Ke2 c4 55. Nh3 f3+ 56. Ke3 f2 0-1


[Site "https://www.chess.com"]

[Event "Titled Tuesday Blitz July 13 2021"]
[White "Ronka, Erik"]
[Black "Timofeev, Artyom"]
[WhiteFideId "505080"]
[BlackFideId "4140419"]
[WhiteElo "2264"]
[BlackElo "2582"]
[Result "0-1"]
[Round "04"]
[TimeControl "180+1"]
[Date "2021.07.13"]
[WhiteClock "0:00:01"]
[BlackClock "0:00:14"]

1. e4 e6 2. d4 d5 3. exd5 exd5 4. Nf3 Nf6 5. Bd3 Bd6 6. Qe2+ Qe7 7. Qxe7+ Bxe7 8. O-O h6 9. Re1 Be6 10. Nc3 c6 11. Ne2 Bg4 12. Ne5 Bc8 13. Ng3 Be6 14. Nf5 Bf8 15. Bf4 Nbd7 16. Nf3 O-O-O 17. Nd6+ Bxd6 18. Bxd6 Rhe8 19. Re3 Nb6 20. Be5 Ng4 21. Re2 Nxe5 22. Nxe5 Kc7 23. Rae1 Kd6 24. f4 Rf8 25. Ng6 Rfe8 26. f5 Bd7 27. Ne5 Rf8 28. b3 Bc8 29. g4 Nd7 30. Kg2 Nf6 31. Kf3 Kc7 32. h4 Nd7 33. Kf4 g5+ 34. fxg6 fxg6+ 35. Kg3 Nxe5 36. Rxe5 Rd6 37. Re7+ Kb6 38. Rg7 Rdf6 39. Re3 h5 40. Rxg6 Bxg4 41. Rxf6 Rxf6 42. Re5 Rf3+ 43. Kg2 Rf4 44. c3 Rf3 45. Be2 Rxc3 46. Bxg4 hxg4 47. Rg5 Rc2+ 48. Kg3 Rxa2 49. Rxg4 Rb2 50. h5 Rxb3+ 51. Kh4 Rb1 52. Rg3 Rh1+ 53. Kg5 Rd1 54. Rg4 Rh1 55. h6 a5 56. Rh4 Rg1+ 57. Kf6 Rg8 58. h7 Rh8 59. Kg7 Rxh7+ 60. Kxh7 Kb5 61. Kg6 Kc4 62. Kf5 a4 63. Ke5 a3 64. Kd6 b5 0-1


[Site "https://www.chess.com"]

[Event "Titled Tuesday Blitz July 13 2021"]
[White "Rozhkov, Viacheslav"]
[Black "Sonis, Francesco"]
[WhiteFideId "4181484"]
[BlackFideId "895733"]
[WhiteElo "2324"]
[BlackElo "2373"]
[Result "1/2-1/2"]
[Round "04"]
[TimeControl "180+1"]
[Date "2021.07.13"]
[WhiteClock "0:00:07"]
[BlackClock "0:00:40"]

1. e4 e6 2. d4 d5 3. e5 c5 4. c3 Bd7 5. Nf3 Qb6 6. a3 c4 7. Nbd2 Ne7 8. Bxc4 dxc4 9. Nxc4 Qa6 10. Nd6+ Kd8 11. Nxf7+ Ke8 12. Nxh8 g6 13. Bg5 Nd5 14. h4 Bg7 15. h5 gxh5 16. Rxh5 h6 17. Bd2 Bxh8 18. Rxh6 Bg7 19. Rh7 Bf8 20. Ng5 Nc6 21. Qh5+ Kd8 22. Qf7 Be7 23. Rh8+ Kc7 24. Rxa8 Bxg5 25. Bxg5 Qb5 26. Qf8 Qxb2 27. Qd6+ Kb6 28. Qc5+ Ka6 29. Rc1 b6 30. Qc4+ Kb7 31. Rf8 Na5 32. Qe2 Qxa3 33. Rf7 Kc7 34. Bd2 Qb3 35. g4 Nc4 36. g5 Kc6 37. g6 Be8 38. Qf3 Qb2 39. Rd1 Qc2 40. g7 Bxf7 41. Qxf7 Qe4+ 42. Kf1 Qh1+ 43. Ke2 Qe4+ 44. Kf1 Qh1+ 45. Ke2 Qe4+ 46. Kf1 1/2-1/2


[Site "https://www.chess.com"]

[Event "Titled Tuesday Blitz July 13 2021"]
[White "Samsonkin, Artiom"]
[Black "Tikhonov, Viacheslav"]
[WhiteFideId "13503111"]
[BlackFideId "44196407"]
[WhiteElo "2513"]
[BlackElo "1773"]
[Result "1-0"]
[Round "04"]
[TimeControl "180+1"]
[Date "2021.07.13"]
[WhiteClock "0:00:11"]
[BlackClock "0:00:01"]

1. e4 c6 2. d4 d5 3. e5 c5 4. dxc5 e6 5. a3 Bxc5 6. Nf3 Ne7 7. Bd3 Ng6 8. O-O Nc6 9. b4 Bb6 10. Bb2 O-O 11. c4 dxc4 12. Bxc4 Qxd1 13. Rxd1 Bc7 14. Re1 b6 15. Nbd2 Bb7 16. Rac1 Rac8 17. h4 Rfd8 18. Nf1 Bb8 19. h5 Nf4 20. h6 gxh6 21. Ng3 Ne7 22. Ne4 Bxe4 23. Rxe4 Nd3 24. Bxd3 Rxc1+ 25. Bxc1 Rxd3 26. Bxh6 Rxa3 27. Rg4+ Kh8 28. Bg7+ Kg8 29. Bf6+ Kf8 30. Ng5 Ng6 31. Nf3 Ra1+ 32. Kh2 h5 33. Rc4 Kg8 34. Rc8+ Kh7 35. Ng5+ Kh6 36. Nxf7+ Kh7 37. Rxb8 a5 38. Ng5+ Kh6 39. b5 Rb1 40. Rb7 Nxe5 41. Bxe5 Kxg5 42. Rxb6 Kf5 43. f4 a4 44. Ra6 Rxb5 45. Rxa4 Rb2 46. Ra8 Rb7 47. Rg8 Ke4 48. Rg5 h4 49. Rg4 Rh7 50. Kh3 Kf5 51. Rxh4 Rb7 52. g4+ Ke4 53. Rh6 Rb3+ 54. Kh4 Rb1 55. Kg5 Rg1 56. Rxe6 Kf3 57. Kf5 Rxg4 58. Ra6 Rh4 59. Ra3+ Ke2 60. Ke6 Rh6+ 61. Bf6 Kf2 62. f5 Kg2 63. Ra8 1-0


[Site "https://www.chess.com"]

[Event "Titled Tuesday Blitz July 13 2021"]
[White "Sekar, B"]
[Black "Djordjevic, Vuk"]
[WhiteFideId "5043743"]
[BlackFideId "902098"]
[WhiteElo "2187"]
[BlackElo "2463"]
[Result "0-1"]
[Round "04"]
[TimeControl "180+1"]
[Date "2021.07.13"]
[WhiteClock "0:01:08"]
[BlackClock "0:02:08"]

1. e4 e6 2. d4 d5 3. Nc3 Bb4 4. exd5 exd5 5. Bd3 Nf6 6. Ne2 O-O 7. O-O Bg4 8. f3 Bh5 9. Ng3 Bg6 10. a3 Bxc3 11. bxc3 Nbd7 12. Bf4 Re8 13. Qd2 Nb6 14. Be5 Qd7 15. Qf4 Qc6 16. a4 Qxc3 17. Bxf6 gxf6 18. Nf5 Nc4 19. Qh6 Bxf5 20. Bxf5 Qe3+ 21. Qxe3 Nxe3 0-1


[Site "https://www.chess.com"]

[Event "Titled Tuesday Blitz July 13 2021"]
[White "Seo, Jung Min"]
[Black "Yoo, Christopher Woojin"]
[WhiteFideId "1734687"]
[BlackFideId "30909694"]
[WhiteElo "2486"]
[BlackElo "2105"]
[Result "1/2-1/2"]
[Round "04"]
[TimeControl "180+1"]
[Date "2021.07.13"]
[WhiteClock "0:00:46"]
[BlackClock "0:00:05"]

1. Nf3 Nf6 2. d4 d5 3. c4 e6 4. Nc3 h6 5. cxd5 exd5 6. Bf4 c5 7. e3 c4 8. Ne5 Nc6 9. Be2 Bb4 10. O-O Qa5 11. Qc2 O-O 12. Bf3 Be6 13. Rfc1 Nxe5 14. dxe5 Nd7 15. Rd1 Bxc3 16. bxc3 Rfd8 17. e4 dxe4 18. Bxe4 Nc5 19. Bf3 Nd3 20. Bg3 Bd5 21. Be2 Be4 22. Bf1 Bg6 23. Qd2 Nxe5 24. Qf4 Rxd1 25. Rxd1 Re8 26. Bxc4 Qxc3 27. Bf1 f6 28. Qa4 Qc2 29. Qd4 Bf7 30. a4 Nc6 31. Qa1 Rd8 32. Rc1 Qd2 33. Rb1 b6 34. Re1 Qd4 35. Qa3 Qb4 36. Qa1 Nd4 37. Rb1 Nb3 38. Qa2 Rd2 39. Rb2 Rd1 40. Rb1 Qe1 41. Rxd1 Qxd1 42. Qe2 Qxe2 43. Bxe2 Nc5 44. Bb8 a5 45. Bd1 Bb3 46. Bxb3+ Nxb3 47. Bc7 Kf7 48. Bxb6 Ke6 49. Kf1 Kd5 50. Ke2 Kc4 51. Ke3 Kb4 52. Ke4 Kxa4 53. Kf5 Kb5 54. Bxa5 Kxa5 55. Kg6 Nc5 56. Kxg7 Nd3 57. f3 Ne1 58. Kxf6 Nxg2 59. Kg6 Nh4+ 60. Kxh6 Nxf3 61. h3 Kb5 62. Kh5 Kc5 63. Kg4 Ne5+ 64. Kf5 Kd6 65. h4 Nd7 66. Kg6 Ke7 67. h5 Kf8 68. h6 Ne5+ 69. Kf5 Nf7 70. Kg6 Nh8+ 71. Kf5 Kg8 72. Kf6 Kh7 73. Kg5 Ng6 74. Kf6 Ne7 75. Kxe7 Kxh6 1/2-1/2


[Site "https://www.chess.com"]